Match 37988417
Unlisted

Match 37988417
End
Kradschützen Motorcycle Team
Panzergrenadier Squad
Panzergrenadier Squad
Panzergrenadier Squad
Construct Light Support Kompanie
Fire Support Elements
Flakvierling Half-track
Panzerpioneer Squad
Selects Armored Support Battlegroup
2.5-tonne Medical Truck
Combat Half-tracks
Construct Panzerarmee Kommand
Panzer III L Medium Tank
Selects Superior Fire Drills
Selects Vehicle Awareness
Selects Panzer Storm
Flakvierling Half-track
Panzer III L Medium Tank
Advanced Field Repairs
Emergency Repair Kits
Walking Stuka Rocket Launcher
Vehicle Awareness
Pak 38 Mechanized Group
Selects Stuka Anti-tank Loiter
Stuka Anti-tank Loiter
Armored Reserves
Panzergrenadier Squad
Panzer III L Medium Tank
Panzerpioneer Squad
Tungsten Core Ammunition
Rapid Advance
Stuka Anti-tank Loiter
Tiger Heavy Tank
Flakvierling Half-track
Construct Mechanized Kompanie
18-tonne Recovery Half-track
Selects Flammpanzer III Medium Tank
Selects Command Panzer IV F Medium Tank
Protez
Donald Trumps Wall
Taggy04
Korea_woogus
Silac
Sunk Cost
Tavo
Tanith's Finest
0
0

Comments sign in to comment!

No comments posted yet!